 Dungeon Crawl Stone Soup version 0.28-b1-1-g3c77fb2ed1 (webtiles) character file.

Game seed: 8031333372962771802

10985 iwittbrodt the Blocker (level 11, 0/83 HPs)
             Began as a Gnoll Wanderer on Jan 30, 2022.
             Was an Elder of the Shining One.
             Slain by a cane toad (9 damage)
             ... on level 1 of the Lair of Beasts.
             The game lasted 01:00:20 (18770 turns).

iwittbrodt the Blocker (Gnoll Wanderer)            Turns: 18770, Time: 01:00:21

Health: 0/83       AC: 19    Str: 17    XL:     11   Next: 70%
Magic:  21/21      EV:  8    Int: 12    God:    the Shining One [****..]
Gold:   593        SH:  9    Dex: 16    Spells: 22/24 levels left

rFire   . . .      SeeInvis .   G - +2 rapier (venom)
rCold   . . .      Faith    .   b - +2 buckler
rNeg    + + +      Spirit   .   n - +0 plate armour
rPois   .          Reflect  .   C - +0 helmet
rElec   .          Harm     .   q - +1 cloak {Will+}
rCorr   .          Rampage  .   o - +0 pair of gloves
Will    +....                   (no boots)
Stlth   ..........              (no amulet)
HPRegen 0.23/turn               k - +6 ring of dexterity
MPRegen 0.17/turn               v - ring of positive energy

@: glowing
A: fangs 1, strong nose, distributed training
a: Renounce Religion, Divine Shield, Cleansing Flame


You were on level 1 of the Lair of Beasts.
You worshipped the Shining One.
The Shining One was greatly pleased with you.
You visited 3 branches of the dungeon, and saw 13 of its levels.

You collected 640 gold pieces.
You spent 22 gold pieces at shops.
You donated 25 gold pieces to Zin.

Inventory:

Hand Weapons
 w - a +0 hunting sling
 x - a +3 flail of holy wrath
 E - a +0 shortbow
 G - a +2 rapier of venom (weapon)
Missiles
 e - 111 stones (quivered)
 i - 9 javelins
 j - 178 arrows
 p - 4 poisoned darts
 s - 72 bolts
 u - 90 sling bullets
 D - 2 throwing nets
Armour
 b - a +2 buckler (worn)
 n - a +0 plate armour (worn)
 o - a +0 pair of gloves (worn)
 q - a +1 cloak of willpower (worn)
 C - a +0 helmet (worn)
Magical Staves
 g - a staff of earth
Jewellery
 c - a ring of positive energy
 f - a +4 ring of protection
 k - a +6 ring of dexterity (left hand)
 r - a ring of flight
 v - a ring of positive energy (right hand)
 M - a ring of ice
Wands
 B - a wand of acid (2)
 H - a wand of paralysis (8)
 I - a wand of iceblast (5)
Scrolls
 h - a scroll of immolation
 m - a scroll of teleportation
 t - 6 scrolls of identify
 y - 5 scrolls of fog
 L - a scroll of vulnerability {unknown}
Potions
 a - a potion of berserk rage {unknown}
 d - a potion of flight {unknown}
 l - 4 potions of mutation
 z - a potion of brilliance
 A - a potion of haste
 F - 2 potions of curing
Miscellaneous
 K - a lightning rod (3/4)


   Skills:
 + Level 6.5 Fighting
 + Level 6.5 Short Blades
 + Level 6.5 Long Blades
 + Level 8.1 Axes
 + Level 6.5 Maces & Flails
 + Level 6.5 Polearms
 + Level 6.5 Staves
 + Level 6.5 Slings
 + Level 6.5 Bows
 + Level 6.5 Crossbows
 + Level 6.5 Throwing
 + Level 9.3 Armour
 + Level 6.5 Dodging
 + Level 7.0 Stealth
 + Level 9.3 Shields
 + Level 6.5 Unarmed Combat
 + Level 7.2 Spellcasting
 + Level 5.4 Conjurations
 + Level 5.4 Hexes
 + Level 5.4 Summonings
 + Level 5.4 Necromancy
 + Level 5.4 Translocations
 + Level 5.4 Transmutations
 + Level 5.4 Fire Magic
 + Level 5.4 Ice Magic
 + Level 5.4 Air Magic
 + Level 5.4 Earth Magic
 + Level 5.4 Poison Magic
 + Level 7.2 Invocations
 + Level 6.5 Evocations


You had 22 spell levels left.
You knew the following spells:

 Your Spells              Type           Power      Damage    Failure   Level
a - Passwall              Tmut/Erth      14%        N/A       65%         2

Your spell library contained the following spells:

 Spells                   Type           Power      Damage    Failure   Level
 Gell's Gravitas          Tloc           17%        N/A       87%         3
 Teleport Other           Tloc           17%        N/A       87%         3
 Alistair's Intoxication  Tmut/Pois      11%        N/A       100%        5
 Borgnjor's Vile Clutch   Necr/Erth      8%         N/A       100%        5
 Freezing Cloud           Conj/Ice/Air   8%         6-21      100%        5
 Dispersal                Tloc           8%         N/A       100%        6
 Eringya's Noxious Bog    Tmut/Pois      8%         N/A       100%        6
 Shatter                  Erth           8%         3d10*     100%        9


Dungeon Overview and Level Annotations

Branches:
Dungeon (11/15)            Temple (1/1) D:4            Lair (1/6) D:8
    Orc (0/2) D:9

Altars:
Ashenzari
Cheibriados
Dithmenos
Elyvilon
Fedhas
Gozag
Hepliaklqana
Kikubaaqudgha
Makhleb
Nemelex Xobeh
Okawaru
Qazlal
Ru
Sif Muna
Trog
Uskayaw
Vehumet
Wu Jian
Xom
Yredelemnul
Zin
The Shining One
Beogh

Shops:
D:2 =


Innate Abilities, Weirdness & Mutations

You have very sharp teeth.
Your uncanny sense of smell can sniff out nearby items.
Your experience applies equally to all skills.


Message History

The cane toad is moderately wounded.
The cane toad stings you but does no damage.
The cane toad stings you!
You are poisoned.
The cane toad poisons you!
You hit the cane toad but do no damage.
The cane toad is moderately wounded.
You feel very sick. The cane toad stings you.
You are more poisoned.
The cane toad poisons you! What are your orders? t - Bark!
Orders for allies: a - Attack new target. r - Retreat! s - Stop attacking. g - Guard the area. f - Follow me.
Anything else - Cancel.
Okay, then.
Unknown command.
You feel extremely sick.
You feel extremely sick.
You feel very sick.
You feel very sick.
You feel very sick.
The cane toad stings you but does no damage.
You feel very sick.
You feel sick.
A polar bear comes into view.
Found a stone staircase leading down.
You feel sick.
The polar bear growls angrily.
The cane toad looks more healthy.
You feel sick.
You feel sick. The cane toad completely misses you.
You feel sick.
You feel sick.
You feel sick.
You feel sick.
You are no longer poisoned.
The cane toad stings you!
You die...

≈#.# #.# ♣≈.# #.# ...#
≈≈.#######.# #..#
≈≈≈........##### #..#
P≈≈P.......#.#.####..#
.
P≈P♣.................#
..
≈≈♣♣########.........#
... ♣♣≈
#......h..####.... #
#....@F.........>.
##.#.####.#........
#P.### ###.#####..
#.#######..# #.#
#..........## ##.#
.............# #..# .
#P..........## ##.# ##
.. ##..........#
#.##P##...
#..........##
#.........


You could see a polar bear and a cane toad.

Vanquished Creatures
  A hydra (Lair:1)
  2 two-headed ogres
  A black mamba (Lair:1)
  A cane toad (Lair:1)
  2 komodo dragons
  Maggie (Lair:1)
  A rime drake (Lair:1)
  A troll (D:11)
  Grinder (D:4)
  A vampire (D:10)
  A shadow (D:8)
  Sigmund (D:3)
  A wyvern (Lair:1)
  3 wraiths (D:10)
  A vampire mosquito (D:10)
  3 yaks (D:10)
  3 wargs (D:8)
  An acid dragon (D:10)
  Edmund (D:5)
  2 water moccasins
  6 orc warriors
  An ice beast (D:5)
  2 necrophages
  4 ogres
  2 phantoms
  6 centaurs
  2 kobold brigands (D:7)
  A gnoll sergeant (D:9)
  3 bullfrogs
  A water moccasin zombie (D:7)
  2 scorpions (D:5)
  A water moccasin skeleton (D:6)
  17 killer bees
  3 howler monkeys
  A bullfrog zombie (D:5)
  4 hounds
  3 gnoll shamans (D:7)
  2 jellies
  A bullfrog skeleton (D:5)
  A centaur zombie (D:7)
  10 orc priests
  Ijyb (D:2)
  Jessica (D:3)
  6 iguanas
  4 orc wizards
  2 howler monkey zombies
  4 adders
  29 gnolls
  A howler monkey skeleton (D:7)
  A shadow imp (D:7)
  2 white imps
  An ufetubus (D:5)
  A worm (D:2)
  7 dart slugs
  36 orcs
  9 endoplasms
  6 giant cockroaches
  8 hobgoblins
  5 jackals
  2 quokkas
  4 ball pythons
  5 bats
  3 frilled lizards
  2 goblins (D:1)
  10 kobolds
  6 rats
258 creatures vanquished.

Vanquished Creatures (others)
  9 fungi
  24 plants
33 creatures vanquished.

Grand Total: 291 creatures vanquished

Notes
Turn   | Place    | Note
-------+----------+-------------------------------------------
     0 | D:1      | iwittbrodt the Gnoll Wanderer began the quest for the Orb.
     0 | D:1      | iwittbrodt set off with the following items: a +0 hand axe,
                  | a +2 buckler, a +0 ring mail
     0 | D:1      | Reached XP level 1. HP: 13/13 MP: 4/4
    88 | D:1      | Reached XP level 2. HP: 19/19 MP: 5/5
   149 | D:1      | Got the Disquisition on the Rocks and Ice
   397 | D:1      | Reached XP level 3. HP: 23/25 MP: 7/7
  1346 | D:1      | Reached skill level 1 in Invocations
  1410 | D:2      | Found a glowing silver altar of Zin.
  1435 | D:2      | Became a worshipper of Zin the Law-Giver
  1524 | D:2      | Reached skill level 1 in Fighting
  1524 | D:2      | Reached skill level 1 in Short Blades
  1524 | D:2      | Reached skill level 1 in Long Blades
  1524 | D:2      | Reached skill level 1 in Maces & Flails
  1524 | D:2      | Reached skill level 1 in Polearms
  1524 | D:2      | Reached skill level 1 in Staves
  1524 | D:2      | Reached skill level 1 in Slings
  1524 | D:2      | Reached skill level 1 in Bows
  1524 | D:2      | Reached skill level 1 in Crossbows
  1524 | D:2      | Reached skill level 1 in Throwing
  1524 | D:2      | Reached skill level 1 in Dodging
  1524 | D:2      | Reached skill level 1 in Unarmed Combat
  1524 | D:2      | Reached skill level 1 in Evocations
  1882 | D:2      | Reached XP level 4. HP: 32/32 MP: 8/8
  1921 | D:2      | Reached * piety under Zin
  2152 | D:2      | Noticed a phantom
  2249 | D:2      | Found Faggah's One-of-a-Kind Rings.
  2257 | D:2      | Bought a +1 ring of intelligence for 22 gold pieces
  2557 | D:3      | Found a shimmering blue altar of Sif Muna.
  2587 | D:3      | Reached ** piety under Zin
  2622 | D:3      | Noticed Jessica
  2640 | D:3      | Killed Jessica
  2641 | D:3      | Reached skill level 1 in Conjurations
  2641 | D:3      | Reached skill level 1 in Hexes
  2641 | D:3      | Reached skill level 1 in Summonings
  2641 | D:3      | Reached skill level 1 in Necromancy
  2641 | D:3      | Reached skill level 1 in Translocations
  2641 | D:3      | Reached skill level 1 in Transmutations
  2641 | D:3      | Reached skill level 1 in Fire Magic
  2641 | D:3      | Reached skill level 1 in Ice Magic
  2641 | D:3      | Reached skill level 1 in Air Magic
  2641 | D:3      | Reached skill level 1 in Earth Magic
  2641 | D:3      | Reached skill level 1 in Poison Magic
  3014 | D:3      | Noticed Sigmund
  3479 | D:3      | Noticed Ijyb
  3489 | D:3      | Paralysed by Ijyb for 4 turns
  3501 | D:3      | Paralysed by Ijyb for 2 turns
  3773 | D:3      | Paralysed by Ijyb for 6 turns
  3786 | D:2      | Paralysed by Ijyb for 4 turns
  3863 | D:2      | Killed Ijyb
  3864 | D:2      | Reached XP level 5. HP: 9/37 MP: 9/9
  4358 | D:3      | Found a blossoming altar of Fedhas.
  4359 | D:3      | Found an ancient bone altar of Kikubaaqudgha.
  4423 | D:4      | Found a shadowy altar of Dithmenos.
  4447 | D:4      | Noticed Grinder
  4818 | D:4      | Found a bloodstained altar of Trog.
  5151 | D:4      | Found a staircase to the Ecumenical Temple.
  5166 | Temple   | Entered the Ecumenical Temple
  5220 | Temple   | Fell from the grace of Zin
  5220 | Temple   | Became a worshipper of the Shining One
  5220 | Temple   | Reached * piety under the Shining One
  5340 | D:4      | Paralysed by Grinder for 3 turns
  5351 | D:4      | Killed Grinder
  5352 | D:4      | Reached skill level 5 in Axes
  5352 | D:4      | Reached XP level 6. HP: 29/44 MP: 7/11
  5721 | D:3      | Found a shimmering blue altar of Sif Muna.
  5736 | D:3      | Killed Sigmund
  5737 | D:3      | Reached XP level 7. HP: 44/51 MP: 9/12
  6482 | D:5      | Entered Level 5 of the Dungeon
  6722 | D:4      | Reached XP level 8. HP: 33/57 MP: 14/14
  7407 | D:6      | Reached ** piety under the Shining One
  7683 | D:6      | Noticed Edmund
  7741 | D:5      | Killed Edmund
  8202 | D:6      | Reached XP level 9. HP: 44/65 MP: 16/16
  8475 | D:6      | Found a sparkling altar of Nemelex Xobeh.
  8498 | D:6      | Reached skill level 5 in Spellcasting
  8832 | D:7      | Found a large runed translucent door.
  8833 | D:7      | Found a large runed translucent door.
  8844 | D:7      | Found a sacrificial altar of Ru.
  8855 | D:7      | Found a basalt altar of Yredelemnul.
  9791 | D:7      | Reached skill level 5 in Stealth
 10144 | D:7      | Found a burning altar of Makhleb.
 10418 | D:8      | Reached skill level 5 in Invocations
 10760 | D:8      | HP: 1/66 [warg (8)]
 10762 | D:8      | Reached XP level 10. HP: 1/73 MP: 18/18
 10901 | D:8      | Noticed a two-headed ogre
 10901 | D:8      | Reached *** piety under the Shining One
 10927 | D:8      | Killed a two-headed ogre
 10928 | D:8      | Reached skill level 5 in Fighting
 10928 | D:8      | Reached skill level 5 in Short Blades
 10928 | D:8      | Reached skill level 5 in Long Blades
 10928 | D:8      | Reached skill level 5 in Maces & Flails
 10928 | D:8      | Reached skill level 5 in Polearms
 10928 | D:8      | Reached skill level 5 in Staves
 10928 | D:8      | Reached skill level 5 in Slings
 10928 | D:8      | Reached skill level 5 in Bows
 10928 | D:8      | Reached skill level 5 in Crossbows
 10928 | D:8      | Reached skill level 5 in Throwing
 10928 | D:8      | Reached skill level 5 in Dodging
 10928 | D:8      | Reached skill level 5 in Unarmed Combat
 10928 | D:8      | Reached skill level 5 in Evocations
 11408 | D:8      | Found a staircase to the Lair.
 13061 | D:9      | Found a staircase to the Orcish Mines.
 13505 | D:10     | Entered Level 10 of the Dungeon
 13635 | D:10     | Noticed a two-headed ogre
 13668 | D:10     | Learned a level 2 spell: Passwall
 13769 | D:10     | Killed a two-headed ogre
 14128 | D:10     | Reached XP level 11. HP: 60/81 MP: 20/20
 15178 | D:11     | Reached skill level 5 in Conjurations
 15178 | D:11     | Reached skill level 5 in Hexes
 15178 | D:11     | Reached skill level 5 in Summonings
 15178 | D:11     | Reached skill level 5 in Necromancy
 15178 | D:11     | Reached skill level 5 in Translocations
 15178 | D:11     | Reached skill level 5 in Transmutations
 15178 | D:11     | Reached skill level 5 in Fire Magic
 15178 | D:11     | Reached skill level 5 in Ice Magic
 15178 | D:11     | Reached skill level 5 in Air Magic
 15178 | D:11     | Reached skill level 5 in Earth Magic
 15178 | D:11     | Reached skill level 5 in Poison Magic
 15363 | D:11     | Reached **** piety under the Shining One
 15455 | D:11     | Found an ornate altar of the Wu Jian Council.
 15455 | D:11     | Noticed a deep elf pyromancer
 15455 | D:11     | Noticed a centaur warrior
 15464 | D:11     | Noticed a two-headed ogre
 17128 | Lair:1   | Entered Level 1 of the Lair of Beasts
 17151 | Lair:1   | Noticed an eight-headed hydra
 17176 | Lair:1   | Killed an eight-headed hydra
 17813 | Lair:1   | HP: 2/82 [cane toad (17)]
 18502 | Lair:1   | Noticed Maggie
 18522 | Lair:1   | Killed Maggie
 18770 | Lair:1   | Slain by a cane toad

Illustrated notes

Levels and vault maps discovered:
D:1:      ncdulo_halloftheorcs, layout_basic
D:2:      layout_loops_cross, basic_altar, nicolae_shop_unique_rings,
          serial_bayou_crossing
D:3:      layout_loops_ring, grunt_temple_overflow_growth_and_decay,
          amcnicky_altar_gilded, uniq_sigmund, uniq_ijyb, uniq_jessica
D:4:      wander_river, layout_loops_ring, mainiacjoe_overflow_large_starburst,
          temple_green, uniq_grinder
D:5:      layout_rooms
D:6:      layout_cave_pools, nemelex_spade_bored_becter, uniq_edmund
D:7:      kennysheep_seaside_town, layout_rooms,
          mainiacjoe_overflow_tiny_flanked, jmf_multi_god_temple2
D:8:      layout_cave_pools, erik_lair_orcish_takeover
D:9:      layout_roguey, david_orc_5
D:10:     layout_loops_ring
D:11:     layout_loops_ring, minmay_door_square, minmay_ruined_shrine,
          uniq_maurice
Temple:   cyrus_circular_temple
Lair:1:   layout_chaotic_city, serial_bayou_lake_a, grunt_megastairs_5,
          uniq_urug, uniq_maggie

Skill      XL: |  1  2  3  4  5  6  7  8  9 10 11 |
---------------+----------------------------------+-----
Invocations    | 1 2 3 4 5 6 7 |  7.2
Fighting       | 1 2 3 4 5 6 |  6.5
Short Blades   | 1 2 3 4 5 6 |  6.5
Long Blades    | 1 2 3 4 5 6 |  6.5
Maces & Flails | 1 2 3 4 5 6 |  6.5
Polearms       | 1 2 3 4 5 6 |  6.5
Staves         | 1 2 3 4 5 6 |  6.5
Slings         | 1 2 3 4 5 6 |  6.5
Bows           | 1 2 3 4 5 6 |  6.5
Crossbows      | 1 2 3 4 5 6 |  6.5
Throwing       | 1 2 3 4 5 6 |  6.5
Dodging        | 1 2 3 4 5 6 |  6.5
Unarmed Combat | 1 2 3 4 5 6 |  6.5
Evocations     | 1 2 3 4 5 6 |  6.5
Spellcasting   | 3 4 5 6 7 |  7.2
Conjurations   | 1 2 3 4 5 |  5.4
Hexes          | 1 2 3 4 5 |  5.4
Summonings     | 1 2 3 4 5 |  5.4
Necromancy     | 1 2 3 4 5 |  5.4
Translocations | 1 2 3 4 5 |  5.4
Transmutations | 1 2 3 4 5 |  5.4
Fire Magic     | 1 2 3 4 5 |  5.4
Ice Magic      | 1 2 3 4 5 |  5.4
Air Magic      | 1 2 3 4 5 |  5.4
Earth Magic    | 1 2 3 4 5 |  5.4
Poison Magic   | 1 2 3 4 5 |  5.4
Axes           | 5 6 7 8 |  8.1
Stealth        | 3 4 5 6 7 |  7.0
Armour         | 7 8 9 |  9.3
Shields        | 7 8 9 |  9.3

Action                   |  1- 3 |  4- 6 |  7- 9 | 10-12 || total
-------------------------+-------+-------+-------+-------++-------
Melee: Hand axe          |   155 |   181 |       |       ||   336
       Bite              |    16 |    22 |    57 |    49 ||   144
       Long sword        |       |    48 |   287 |       ||   335
       Rapier            |       |       |    77 |   309 ||   386
       Flail             |       |       |       |    45 ||    45
Throw: Stone             |       |     6 |     7 |    10 ||    23
       Dart              |       |       |       |    23 ||    23
       Javelin           |       |       |       |    51 ||    51
Invok: Divine Shield     |       |     2 |       |       ||     2
Evoke: Wand              |       |       |       |     1 ||     1
       Lightning rod     |       |       |       |     1 ||     1
  Use: Scroll            |       |     2 |     7 |     6 ||    15
       Potion            |       |     1 |     1 |     2 ||     4
 Stab: Sleeping          |     1 |     2 |       |       ||     3
Armor: Ring mail         |    43 |    67 |       |       ||   110
       Leather armour    |       |    11 |   132 |    98 ||   241
       Plate armour      |       |       |       |     9 ||     9
       Skin              |       |       |       |     1 ||     1
Dodge: Dodged            |    61 |    78 |   249 |   213 ||   601
Block: Buckler           |    47 |    74 |   181 |   173 ||   475
